 Dungeon Crawl Stone Soup version 0.31-a0-460-g9e667d4245 (webtiles) character file.

Game seed: 7521622396303368075

344 Ofeo the Changeling (level 6, 0/47 HPs)
             Began as a Demonspawn Shapeshifter on Aug 4, 2023.
             Slain by a water moccasin (5 damage)
             ... on level 5 of the Dungeon.
             The game lasted 00:03:05 (2835 turns).

Ofeo the Changeling (Demonspawn Shapeshifter)       Turns: 2835, Time: 00:03:06

Health: 0/47       AC:  4    Str: 17    XL:     6   Next: 31%
Magic:  6/6        EV: 13    Int:  9    God:
Gold:   58         SH:  0    Dex: 14    Spells: 5/5 levels left

rFire   . . .        i - +2 short sword (venom)
rCold   . . .        (no shield)
rNeg    . . .        a - +0 animal skin
rPois   .            (helmet currently unavailable)
rElec   .            (cloak currently unavailable)
rCorr   .            (gloves currently unavailable)
SInv    .            (boots currently unavailable)
Will    .....        (no amulet)
Stlth   +            (no ring)
HPRegen 0.27/turn    (no ring)
MPRegen 0.10/turn

%: no passive effects
@: lethally poisoned (0 -> -36), beast-form
A: beast (slay +2), horns 1, thin metallic scales 1, powered by death 1, spiny 1
a: Begin Untransformation


You were on level 5 of the Dungeon.
You were a hulking beast.
You visited 1 branch of the dungeon, and saw 4 of its levels.

You collected 100 gold pieces.
You spent 42 gold pieces at shops.

Inventory:

Hand Weapons
 i - a +2 short sword of venom (weapon)
Armour
 a - a +0 animal skin (worn)
Talismans
 c - a beast talisman (active)
Wands
 l - a wand of flame (4)
Scrolls
 d - 2 scrolls of brand weapon {unknown}
 e - a scroll of noise {unknown}
 f - 3 scrolls of blinking {unknown}
 j - 2 scrolls of fog {unknown}
 k - a scroll of teleportation {@r3}
 n - a scroll of revelation {unknown}
 r - a scroll of identify {unknown}
 s - a scroll of enchant weapon {unknown}
 t - a scroll of enchant armour {unknown}
Potions
 b - a potion of lignification
 h - 2 potions of curing {unknown}
 m - a potion of might {unknown}
 o - a potion of attraction {unknown}
 p - a potion of degeneration {unknown}
 q - 2 potions of mutation {unknown}


   Skills:
 + Level 3.6 Fighting
 + Level 3.6 Dodging
 - Level 3.0 Unarmed Combat
 + Level 3.8 Shapeshifting


You had 5 spell levels left.
You didn't know any spells.
Your spell library was empty.

Dungeon Overview and Level Annotations

Branches:
Dungeon (3/15)

Altars:

Shops:
D:2 *


Innate Abilities, Weirdness & Mutations

You are a hulking beast.
Your limbs bulge with bestial killing power. (Slay +2)
You have a pair of small horns on your head.
You are partially covered in thin metallic scales. (AC +2)
You regenerate a little health from kills.
You are partially covered in sharp spines.


Message History

The water moccasin poisons you!
You take 6 damage, and have 32/47 hp.
You miss the water moccasin.
Your headbutt misses the water moccasin.
You feel very sick.
The water moccasin is struck by your spines.
The water moccasin bites you.
You are more poisoned.
The water moccasin poisons you! The water moccasin bites you.
You are more poisoned.
The water moccasin poisons you!
You take 10 damage, and have 22/47 hp.
MASSIVE DAMAGE!!
You are too injured to fight recklessly!
You are too injured to fight recklessly!
There is a lethal amount of poison in your body!
There is a lethal amount of poison in your body!
You hit the water moccasin.
The water moccasin is moderately wounded.
* * * LOW HITPOINT WARNING * * *
You feel extremely sick. The water moccasin bites you.
* * * LOW HITPOINT WARNING * * *
You take 13 damage, and have 9/47 hp.
MASSIVE DAMAGE!!
You hit the water moccasin.
Your headbutt misses the water moccasin.
The water moccasin is moderately wounded.
* * * LOW HITPOINT WARNING * * *
You feel extremely sick. The water moccasin bites you.
* * * LOW HITPOINT WARNING * * *
You are more poisoned.
The water moccasin poisons you!
You take 8 damage, and have 1/47 hp.
It was a potion of heal wounds.
You feel much better.
* * * LOW HITPOINT WARNING * * *
You feel extremely sick. The water moccasin bites you.
* * * LOW HITPOINT WARNING * * *
The water moccasin bites you.
You die...

########..# #.........
##.........# #...(......
...........# #..........
...........# #..........
...........###.......>.#
............##.........#
............##..).....#
......(.....##........#
............##..hS...##
........................
..#.....##..............
.#########..###########.
## ##..# #..# ## #... .#
#.... .# ......


You could see a water moccasin.

Vanquished Creatures
  An ogre (D:5)
  An orc priest (D:3)
  Jessica (D:2)
  Natasha (thrice) (D:2)
  3 gnolls
  2 adders
  An ufetubus (D:5)
  A worm (D:2)
  2 dart slugs
  5 orcs
  3 ball pythons
  5 endoplasms
  3 giant cockroaches
  5 goblins
  A hobgoblin (D:1)
  6 jackals (D:1)
  3 quokkas
  4 bats
  5 frilled lizards
  5 kobolds
  3 rats
63 creatures vanquished.

Notes
Turn   | Place    | Note
-------+----------+-------------------------------------------
     0 | D:1      | Ofeo the Demonspawn Shapeshifter began the quest for the
                  | Orb.
     0 | D:1      | Reached XP level 1. HP: 15/15 MP: 1/1
   142 | D:1      | Gained mutation: You are partially covered in thin metallic
                  | scales. (AC +2) [demonic ancestry]
   142 | D:1      | Reached XP level 2. HP: 19/21 MP: 2/2
   620 | D:1      | Reached XP level 3. HP: 24/26 MP: 3/3
  1280 | D:2      | Noticed Jessica
  1286 | D:2      | Killed Jessica
  1380 | D:2      | Found Walehuf's General Store.
  1382 | D:2      | Gained mutation: You are partially covered in sharp spines.
                  | [demonic ancestry]
  1382 | D:2      | Reached XP level 4. HP: 33/33 MP: 4/4
  1392 | D:2      | Bought a scroll of teleportation for 42 gold pieces
  1633 | D:2      | Noticed Natasha
  1641 | D:2      | Killed Natasha
  1720 | D:2      | Noticed Natasha
  1726 | D:2      | Killed Natasha
  1807 | D:2      | Noticed Natasha
  1813 | D:2      | Killed Natasha
  1814 | D:2      | Gained mutation: You regenerate a little health from kills.
                  | [demonic ancestry]
  1814 | D:2      | Reached XP level 5. HP: 35/40 MP: 5/5
  2551 | D:3      | You fall into a shaft and drop 2 floors!
  2551 | D:5      | Entered Level 5 of the Dungeon
  2592 | D:5      | Noticed an ogre
  2596 | D:5      | Killed an ogre
  2597 | D:5      | Gained mutation: You have a pair of small horns on your
                  | head. [demonic ancestry]
  2597 | D:5      | Reached XP level 6. HP: 47/47 MP: 6/6
  2824 | D:5      | Noticed a water moccasin
  2834 | D:5      | HP: 2/47 [poisoned by a water moccasin]
  2835 | D:5      | Slain by a water moccasin

Illustrated notes

Levels and vault maps discovered:
D:1:      ncdulo_halloftheorcs, layout_basic
D:2:      layout_rooms, serial_shops, shop, minmay_surrounded, uniq_jessica,
          uniq_natasha
D:3:      layout_loops_ring, nicolae_overflow_hidden_temple
D:5:      layout_cave_pods, minmay_fountain_box, uniq_grinder

Skill      XL: |  1  2  3  4  5 |
---------------+----------------+-----
Dodging        | 2 3 |  3.6
Unarmed Combat | 3 |  3.0
Fighting       | 2 3 |  3.6
Shapeshifting  | 3 |  3.8

Action                     |  1- 3 |  4- 6 || total
---------------------------+-------+-------++-------
  Melee: Unarmed           |    77 |       ||    77
         Short sword       |    20 |    67 ||    87
         Punch             |       |     2 ||     2
         Headbutt          |       |     1 ||     1
  Evoke: Wand              |       |     4 ||     4
    Use: Potion            |       |     1 ||     1
   Stab: Sleeping          |     1 |     2 ||     3
 Armour: Animal skin       |    28 |    13 ||    41
  Dodge: Dodged            |    70 |    53 ||   123

Table legend: (Time is in decaauts)
 A = Elapsed time spent in this place.
 B = Non-inter-level travel time spent in this place.
 C = Inter-level travel time spent in this place.
 D = Time resting spent in this place.
 E = Time spent auto-exploring this place.
 F = Levels seen in this place.
 G = Mean time per level.
                   A        B        C        D        E       F      G
               +--------+--------+--------+--------+--------+-----+--------+
         Total |   2866 |   2790 |     76 |    382 |   2006 |   4 |  716.5 |
       Dungeon |   2866 |   2790 |     76 |    382 |   2006 |   4 |  716.5 |
               +--------+--------+--------+--------+--------+-----+--------+

Top non-repeatable levels by time:
     D:1: 1270 daAuts
     D:2: 1019 daAuts
     D:3: 292 daAuts
     D:5: 283 daAuts
